 Dungeon Crawl Stone Soup version 0.29.0-4-gdea44cf6ec (webtiles) character file.

Game seed: 1342958349155202339

2860 qw the Grappler (level 9, -3/82 (84) HPs)
             Began as a Troll Cinder Acolyte on Sept 1, 2022.
             Was a Believer of Ignis.
             Slain by a wight
             ... wielding a +4 falchion
              (6 damage)
             ... on level 8 of the Dungeon.
             The game lasted 00:03:54 (7599 turns).

qw the Grappler (Troll Cinder Acolyte)              Turns: 7599, Time: 00:03:55

HP:   -3/82 (84)    AC: 12    Str: 28    XL:     9   Next: 47%
MP:   0/18          EV: 10    Int: 10    God:    Ignis [**....]
Gold: 275           SH:  0    Dex: 11    Spells: 10/10 levels left

rFire   + . .      SeeInvis .     - Unarmed
rCold   + + .      Faith    .   (no shield)
rNeg    . . .      Spirit   +   a - +0 robe
rPois   .          Reflect  .   (helmet restricted)
rElec   .          Harm     .   l - +0 cloak {Stlth+}
rCorr   .          Rampage  .   (gloves unavailable)
Will    .....                   (boots unavailable)
Stlth   ++........              c - amulet of guardian spirit
HPRegen 1.03/turn               b - ring "Gadiefumm" {rC++ MP+9}
MPRegen 0.16/turn               m - +6 ring of dexterity

@: lethally poisoned (-3 -> -12), about to teleport, fiery-armoured, slowed,
lightly drained, very slow
A: large, unfitting armour, claws 3, regeneration 1, shaggy fur 1, tough skin 1
a: Renounce Religion, Fiery Armour, Foxfire Swarm, Rising Flame


You were on level 8 of the Dungeon.
You worshipped Ignis.
Ignis was pleased with you.
You visited 1 branch of the dungeon, and saw 8 of its levels.
You also visited: Ossuary.

You collected 462 gold pieces.
You spent 187 gold pieces at shops.


Innate Abilities, Weirdness & Mutations

You are too large for most types of armour.
You have claws for hands.
Your natural rate of healing is unusually fast.
You are covered in fur. (AC +1)
You have tough skin. (AC +1)


   Skills:
 - Level 4.0 Fighting
 - Level 4.0 Throwing
 - Level 2.0 Dodging
 + Level 11.7 Unarmed Combat
 - Level 1.0 Spellcasting
 - Level 2.1 Fire Magic


You had 10 spell levels left.
You didn't know any spells.
Your spell library contained the following spells:

 Spells                   Type           Power      Damage    Failure   Level
 Scorch                   Fire           8%         2d5       22%         2

Inventory:

Missiles
 f - 9 boomerangs
 p - 5 javelins
 r - 3 large rocks (quivered)
Armour
 a - a +0 robe (worn)
 l - a +0 cloak of stealth (worn)
Jewellery
 b - the ring "Gadiefumm" (left claw) {rC++ MP+9}
   (You acquired it on level 1 of the Dungeon)

   [ring of magical power]

   rC:        It greatly protects you from cold.
   MP:        It affects your magic capacity (+9).
 c - an amulet of guardian spirit (around neck)
 m - a +6 ring of dexterity (right claw)
Scrolls
 n - a scroll of identify
 o - a scroll of enchant weapon
 s - a scroll of teleportation
Potions
 d - 4 potions of curing
 e - a potion of brilliance {unknown}
 g - 3 potions of might
 h - a potion of flight {unknown}
 i - 2 potions of haste
 j - a potion of resistance {unknown}
 q - a potion of berserk rage {unknown}

Dungeon Overview and Level Annotations

Branches:
Dungeon (8/15)             Temple (0/1) D:4         Ossuary (visited)
   Lair: D:8-11

Altars:
Cheibriados
Gozag
Makhleb
Ru
Trog
Vehumet
Xom

Shops:
D:5 *   D:7 [

Annotations:
D:7 1 runed translucent door, qw's ghost, novice TeWr


Message History

The hornet barely misses you. The hornet stings you.
You are poisoned.
You feel as though you will be slow longer.
The wight hits you with a +4 falchion!
You miss the hornet.
The hornet is almost dead.
You feel very sick. The hornet barely misses you. The wight barely misses you.
The hornet completely misses you.
You scratch the hornet but do no damage.
The hornet is almost dead.
You feel sick. The hornet stings you.
You are more poisoned.
You feel as though you will be slow longer.
The wight closely misses you. The wight hits you with a +4 falchion.
You feel drained. The hornet closely misses you.
The wight hits you with a +0 vorpal scimitar.
The wight misses you.
7598 ||| INVOKING Fiery Armour.
A protective cloak of flame settles atop you.
You feel very sick. The hornet stings you!
You are lethally poisoned!
You feel as though you will be slow longer.
The wight closely misses you. The wight hits you with a +4 falchion.
You feel drained.
The wight is burned by your cloak of flames.
The wight is lightly damaged.
The hornet stings you but does no damage.
7599 ||| READING 2 scrolls of teleportation.
As you read the scroll of teleportation, it crumbles to dust.
You feel strangely unstable.
You feel extremely sick. The hornet stings you.
You feel as though you will be slow longer.
The wight hits you but does no damage.
The wight is burned by your cloak of flames.
The wight is lightly damaged.
The wight hits you with a +4 falchion!
You die... .(.. ...( ¤ .... ..¤ ... ¤¤¤¤

###(####¤¤¤.
#...........
#...yz......
#..%@z..¤...
#........... . ##
#............. .#### <
.# #.............
....##.
..###............
....... ................
....#####.####...###.###
.......##..###.......#
....##.#.....#....####


You could see a hornet and 2 wights.

Vanquished Creatures
  Grinder (D:5)
  Menkaure (D:4)
  2 sky beasts (D:7)
  A water moccasin (D:6)
  An ice beast (D:7)
  A centaur (D:6)
  Blork the orc (D:6)
  A bullfrog (D:8)
  2 kobold brigands
  3 scorpions
  2 wyvern zombies (D:8)
  2 necrophages
  7 wights
  A howler monkey (D:4)
  2 human zombies (Ossuary)
  An orc priest (D:4)
  A hound (D:7)
  2 jellies
  3 centaur zombies
  A gnoll bouda (D:4)
  Ijyb (D:5)
  4 iguanas
  2 orc wizards
  A killer bee zombie (D:8)
  3 ogre zombies (Ossuary)
  7 mummies (Ossuary)
  2 howler monkey zombies (D:8)
  8 adders
  7 gnolls
  3 shadow imps
  An ufetubus (D:5)
  3 adder zombies (Ossuary)
  A worm (D:4)
  17 orcs
  9 ball pythons
  8 endoplasms
  4 giant cockroaches
  10 goblins
  A hobgoblin (D:1)
  4 jackals (D:5)
  25 kobolds
  4 quokkas
  6 bats
  2 frilled lizards
  2 gnoll zombies (Ossuary)
  6 goblin zombies (Ossuary)
  3 hobgoblin zombies (Ossuary)
  3 kobold zombies (Ossuary)
  3 quokka zombies (Ossuary)
  8 rats
  3 rat zombies (Ossuary)
197 creatures vanquished.

Vanquished Creatures (others)
  3 withered plants
3 creatures vanquished.

Grand Total: 200 creatures vanquished

Notes
Turn   | Place    | Note
-------+----------+-------------------------------------------
     0 | D:1      | qw the Troll Cinder Acolyte began the quest for the Orb.
     0 | D:1      | Reached XP level 1. HP: 22/22 MP: 1/1
     0 | D:1      | 0 ||| qw: Version: 0.1-a-97-g2dd2ca4
     0 | D:1      | 0 ||| qw: Game counter: 4799
     0 | D:1      | 0 ||| qw: Always use a shield: true
     0 | D:1      | 0 ||| qw: God list: Okawaru
     0 | D:1      | 0 ||| qw: Allow faded altars: false
     0 | D:1      | 0 ||| qw: Do Orc after D:15 true
     0 | D:1      | 0 ||| qw: Do second Lair branch before Depths: true
     0 | D:1      | 0 ||| qw: Lair rune preference: random
     0 | D:1      | 0 ||| qw: Plans: Normal
     0 | D:1      | 0 ||| PLANNING D:1-11
    71 | D:1      | 71 ||| Stepping ~*~*~tactically~*~*~ (stealth).
   185 | D:1      | Reached XP level 2. HP: 29/29 MP: 2/2
   196 | D:1      | 196 ||| Stepping ~*~*~tactically~*~*~ (stealth).
   281 | D:1      | 281 ||| Stepping ~*~*~tactically~*~*~ (stealth).
   282 | D:1      | 282 ||| Stepping ~*~*~tactically~*~*~ (stealth).
   307 | D:1      | Found a faded altar of an unknown god.
   316 | D:1      | 316 ||| Stepping ~*~*~tactically~*~*~ (stealth).
   322 | D:1      | 322 ||| Stepping ~*~*~tactically~*~*~ (outnumbered).
   323 | D:1      | 323 ||| Stepping ~*~*~tactically~*~*~ (outnumbered).
   324 | D:1      | 324 ||| Stepping ~*~*~tactically~*~*~ (outnumbered).
   325 | D:1      | 325 ||| Stepping ~*~*~tactically~*~*~ (outnumbered).
   326 | D:1      | 326 ||| Stepping ~*~*~tactically~*~*~ (outnumbered).
   455 | D:1      | 455 ||| Stepping ~*~*~tactically~*~*~ (stealth).
   457 | D:1      | 457 ||| Stepping ~*~*~tactically~*~*~ (stealth).
   462 | D:1      | Reached skill level 4 in Unarmed Combat
   462 | D:1      | 462 ||| Stepping ~*~*~tactically~*~*~ (stealth).
   463 | D:1      | 463 ||| Stepping ~*~*~tactically~*~*~ (stealth).
   552 | D:1      | 552 ||| Stepping ~*~*~tactically~*~*~ (stealth).
   555 | D:1      | 555 ||| Stepping ~*~*~tactically~*~*~ (stealth).
   615 | D:1      | 615 ||| READING scroll labelled FELAME KADAE.
   616 | D:1      | 616 ||| READING scroll labelled AFAJOPP MOSHA.
   616 | D:1      | Identified a scroll of acquirement
   616 | D:1      | 616 ||| ACQUIRING ring "Gadiefumm" {rC++ MP+9}
   616 | D:1      | Acquired the ring "Gadiefumm" {rC++ MP+9}
   618 | D:1      | 618 ||| UPGRADING to ring "Gadiefumm" {rC++ MP+9}.
   694 | D:1      | 694 ||| READING scroll labelled WOIG ALYBRONI.
   776 | D:2      | Reached XP level 3. HP: 36/36 MP: 3/3
   780 | D:2      | Identified the +5 trident of Titoidae {protect, MP+9 Str+5
                  | Int+3 SInv}
   867 | D:2      | 867 ||| Stepping ~*~*~tactically~*~*~ (stealth).
  1126 | D:2      | 1126 ||| READING scroll labelled SENINI DAIRI.
  1127 | D:2      | 1127 ||| DRINKING 2 red potions.
  1128 | D:2      | 1128 ||| DRINKING 2 white potions.
  1129 | D:2      | 1129 ||| DROPPING potion of degeneration.
  1150 | D:3      | 1150 ||| STAIRDANCE
  1357 | D:3      | 1357 ||| Stepping ~*~*~tactically~*~*~ (stealth).
  1358 | D:3      | 1358 ||| Stepping ~*~*~tactically~*~*~ (stealth).
  1362 | D:3      | 1362 ||| Stepping ~*~*~tactically~*~*~ (stealth).
  1709 | D:3      | 1709 ||| INVOKING Fiery Armour.
  1714 | D:3      | 1714 ||| Stepping ~*~*~tactically~*~*~ (outnumbered).
  1717 | D:3      | Reached skill level 5 in Unarmed Combat
  1717 | D:3      | Reached XP level 4. HP: 44/44 MP: 4/4
  1803 | D:3      | Identified the +3 mace of Enwukkiu {vorpal, Str+2 Int+2
                  | Stlth+}
  1854 | D:3      | 1854 ||| Stepping ~*~*~tactically~*~*~ (stealth).
  1856 | D:3      | 1856 ||| Stepping ~*~*~tactically~*~*~ (hiding).
  1858 | D:3      | 1858 ||| Stepping ~*~*~tactically~*~*~ (hiding).
  1859 | D:3      | 1859 ||| INVOKING Fiery Armour.
  2211 | D:3      | 2211 ||| READING scroll labelled ESUNNODYX AFF.
  2212 | D:3      | 2212 ||| READING scroll labelled CAUPSE MUMIRGH.
  2213 | D:3      | 2213 ||| DRINKING 2 sapphire potions.
  2314 | D:3      | 2314 ||| DROPPING potion of ambrosia.
  2385 | D:4      | 2385 ||| Stepping ~*~*~tactically~*~*~ (stealth).
  2386 | D:4      | 2386 ||| Stepping ~*~*~tactically~*~*~ (stealth).
  2392 | D:4      | 2392 ||| Stepping ~*~*~tactically~*~*~ (outnumbered).
  2393 | D:4      | 2393 ||| Stepping ~*~*~tactically~*~*~ (outnumbered).
  2394 | D:4      | 2394 ||| Stepping ~*~*~tactically~*~*~ (outnumbered).
  2395 | D:4      | 2395 ||| Stepping ~*~*~tactically~*~*~ (outnumbered).
  2396 | D:4      | 2396 ||| Stepping ~*~*~tactically~*~*~ (outnumbered).
  2397 | D:4      | 2397 ||| Stepping ~*~*~tactically~*~*~ (outnumbered).
  2398 | D:4      | 2398 ||| Stepping ~*~*~tactically~*~*~ (outnumbered).
  2399 | D:4      | 2399 ||| Stepping ~*~*~tactically~*~*~ (outnumbered).
  2400 | D:4      | 2400 ||| Stepping ~*~*~tactically~*~*~ (outnumbered).
  2453 | D:4      | 2453 ||| Stepping ~*~*~tactically~*~*~ (hiding).
  2455 | D:4      | 2455 ||| Stepping ~*~*~tactically~*~*~ (hiding).
  2465 | D:4      | Reached XP level 5. HP: 40/50 MP: 5/5
  2518 | D:4      | Found a sacrificial altar of Ru.
  2543 | D:4      | 2543 ||| Stepping ~*~*~tactically~*~*~ (stealth).
  2551 | D:4      | Reached skill level 6 in Unarmed Combat
  2551 | D:4      | 2551 ||| INVOKING Fiery Armour.
  2554 | D:4      | 2554 ||| FLEEEEING.
  2555 | D:4      | 2555 ||| FLEEEEING.
  2556 | D:4      | 2556 ||| FLEEEEING.
  2557 | D:4      | 2557 ||| FLEEEEING.
  2558 | D:4      | 2558 ||| FLEEEEING.
  2559 | D:4      | 2559 ||| FLEEEEING.
  2560 | D:4      | 2560 ||| FLEEEEING.
  2561 | D:4      | 2561 ||| FLEEEEING.
  2562 | D:4      | 2562 ||| FLEEEEING.
  2563 | D:4      | 2563 ||| FLEEEEING.
  2565 | D:4      | 2565 ||| STAIRDANCE
  2593 | D:3      | 2593 ||| DRINKING 2 smoky amethyst potions.
  2594 | D:3      | 2594 ||| DROPPING potion of attraction.
  2599 | D:4      | Reached XP level 6. HP: 58/59 MP: 6/6
  2615 | D:4      | Found a staircase to the Ecumenical Temple.
  2615 | D:4      | Noticed Menkaure
  2621 | D:4      | Killed Menkaure
  2622 | D:4      | Reached skill level 7 in Unarmed Combat
  2643 | D:4      | 2643 ||| FLEEEEING.
  2644 | D:4      | 2644 ||| FLEEEEING.
  2645 | D:4      | 2645 ||| FLEEEEING.
  2646 | D:4      | 2646 ||| FLEEEEING.
  2743 | D:4      | 2743 ||| Stepping ~*~*~tactically~*~*~ (stealth).
  2744 | D:4      | 2744 ||| Stepping ~*~*~tactically~*~*~ (stealth).
  2904 | D:4      | 2904 ||| INVOKING Fiery Armour.
  2912 | D:4      | Reached skill level 8 in Unarmed Combat
  2912 | D:4      | Reached XP level 7. HP: 66/66 MP: 7/7
  2978 | D:4      | 2978 ||| READING scroll labelled RISOLLA TECO.
  2979 | D:4      | 2979 ||| DRINKING 2 orange potions.
  2987 | D:5      | Entered Level 5 of the Dungeon
  2988 | D:5      | 2988 ||| PLANNING OSSUARY
  3016 | D:5      | 3016 ||| Stepping ~*~*~tactically~*~*~ (stealth).
  3047 | D:5      | Noticed Grinder
  3049 | D:5      | 3049 ||| Stepping ~*~*~tactically~*~*~ (hiding).
  3050 | D:5      | 3050 ||| FLEEEEING.
  3060 | D:5      | Found Itibroen's Overcharged Wands.
  3064 | D:5      | Killed Grinder
  3068 | D:5      | 3068 ||| SHOPLISTING wand of digging (11) (693 gold, have
                  | 215).
  3095 | D:5      | Found a sand-covered staircase.
  3096 | D:5      | 3096 ||| DRINKING 2 brown potions.
  3097 | D:5      | 3097 ||| DROPPING potion of magic.
  3106 | Ossuary  | Entered an ossuary
  3295 | Ossuary  | 3295 ||| Stepping ~*~*~tactically~*~*~ (outnumbered).
  3297 | Ossuary  | 3297 ||| Stepping ~*~*~tactically~*~*~ (outnumbered).
  3303 | Ossuary  | 3303 ||| Stepping ~*~*~tactically~*~*~ (outnumbered).
  3369 | Ossuary  | Reached skill level 9 in Unarmed Combat
  3429 | Ossuary  | Reached XP level 8. HP: 78/78 MP: 8/8
  3486 | Ossuary  | Reached skill level 1 in Throwing
  3514 | Ossuary  | 3514 ||| READING 2 scrolls labelled WIOKAT EGRAI.
  3515 | Ossuary  | 3515 ||| READING 3 scrolls labelled DAACEA GOMEPH.
  3520 | Ossuary  | 3520 ||| READING scroll labelled WIULOL ZILEMEH.
  3521 | Ossuary  | 3521 ||| DRINKING 2 glowing inky potions.
  3522 | Ossuary  | 3522 ||| DRINKING 2 puce potions.
  3523 | Ossuary  | 3523 ||| DROPPING scroll of butterflies.
  3537 | D:5      | 3537 ||| PLANNING D:1-11
  3644 | D:5      | Reached skill level 1 in Dodging
  3712 | D:5      | 3712 ||| Stepping ~*~*~tactically~*~*~ (hiding).
  3869 | D:5      | 3869 ||| Stepping ~*~*~tactically~*~*~ (hiding).
  4069 | D:5      | Noticed Ijyb
  4077 | D:5      | Killed Ijyb
  4281 | D:5      | 4281 ||| UPGRADING to amulet of guardian spirit.
  4302 | D:6      | 4302 ||| STAIRDANCE
  4318 | D:6      | 4318 ||| STAIRDANCE
  4342 | D:6      | Found a snail-covered altar of Cheibriados.
  4417 | D:6      | 4417 ||| Stepping ~*~*~tactically~*~*~ (stealth).
  4421 | D:6      | 4421 ||| Stepping ~*~*~tactically~*~*~ (stealth).
  4424 | D:6      | 4424 ||| Stepping ~*~*~tactically~*~*~ (outnumbered).
  4425 | D:6      | 4425 ||| Stepping ~*~*~tactically~*~*~ (outnumbered).
  4427 | D:6      | 4427 ||| INVOKING Fiery Armour.
  4429 | D:6      | HP: 19/78 [poisoned by a kobold brigand]
  4430 | D:6      | 4430 ||| READING 2 scrolls of teleportation.
  4430 | D:6      | HP: 9/78 [poisoned by a kobold brigand]
  4431 | D:6      | 4431 ||| DRINKING 2 potions of heal wounds.
  4433 | D:6      | 4433 ||| DRINKING potion of heal wounds.
  4512 | D:6      | 4512 ||| Stepping ~*~*~tactically~*~*~ (stealth).
  4513 | D:6      | 4513 ||| Stepping ~*~*~tactically~*~*~ (stealth).
  4536 | D:6      | Found a radiant altar of Vehumet.
  4568 | D:6      | Noticed Blork the orc
  4578 | D:6      | Killed Blork the orc
  4820 | D:6      | 4820 ||| Stepping ~*~*~tactically~*~*~ (stealth).
  4824 | D:6      | Reached skill level 10 in Unarmed Combat
  4889 | D:6      | Found an opulent altar of Gozag.
  4980 | D:6      | 4980 ||| Stepping ~*~*~tactically~*~*~ (stealth).
  4983 | D:6      | 4983 ||| Stepping ~*~*~tactically~*~*~ (hiding).
  4984 | D:6      | 4984 ||| Stepping ~*~*~tactically~*~*~ (hiding).
  4985 | D:6      | 4985 ||| Stepping ~*~*~tactically~*~*~ (hiding).
  4992 | D:6      | 4992 ||| Stepping ~*~*~tactically~*~*~ (outnumbered).
  4993 | D:6      | 4993 ||| Stepping ~*~*~tactically~*~*~ (outnumbered).
  5066 | D:6      | 5066 ||| Stepping ~*~*~tactically~*~*~ (hiding).
  5067 | D:6      | 5067 ||| Stepping ~*~*~tactically~*~*~ (hiding).
  5069 | D:6      | 5069 ||| Stepping ~*~*~tactically~*~*~ (hiding).
  5245 | D:6      | 5245 ||| INVOKING Fiery Armour.
  5247 | D:6      | HP: 13/78 [poisoned by a kobold brigand]
  5248 | D:6      | 5248 ||| READING scroll of teleportation.
  5248 | D:6      | HP: 2/78 [poisoned by a kobold brigand]
  5249 | D:6      | 5249 ||| DRINKING potion of heal wounds.
  5250 | D:6      | 5250 ||| DRINKING 5 potions of curing.
  5250 | D:6      | 5250 ||| (to cure poison)
  5641 | D:6      | Found a shimmering altar of Xom.
  5812 | D:6      | 5812 ||| Stepping ~*~*~tactically~*~*~ (stealth).
  5829 | D:6      | 5829 ||| READING scroll labelled UJUFAUFFEIXZU.
  5830 | D:6      | 5830 ||| DRINKING 2 metallic purple potions.
  5875 | D:6      | 5875 ||| DROPPING potion of lignification.
  5898 | D:7      | 5898 ||| Stepping ~*~*~tactically~*~*~ (outnumbered).
  5899 | D:7      | 5899 ||| Stepping ~*~*~tactically~*~*~ (outnumbered).
  5900 | D:7      | 5900 ||| Stepping ~*~*~tactically~*~*~ (outnumbered).
  5901 | D:7      | 5901 ||| Stepping ~*~*~tactically~*~*~ (outnumbered).
  5902 | D:7      | 5902 ||| Stepping ~*~*~tactically~*~*~ (outnumbered).
  5903 | D:7      | 5903 ||| Stepping ~*~*~tactically~*~*~ (outnumbered).
  5904 | D:7      | 5904 ||| Stepping ~*~*~tactically~*~*~ (outnumbered).
  5905 | D:7      | 5905 ||| Stepping ~*~*~tactically~*~*~ (outnumbered).
  5906 | D:7      | 5906 ||| Stepping ~*~*~tactically~*~*~ (outnumbered).
  5907 | D:7      | 5907 ||| INVOKING Fiery Armour.
  5908 | D:7      | 5908 ||| Stepping ~*~*~tactically~*~*~ (outnumbered).
  5916 | D:7      | HP: 10/70 [wight/+3 mace of freezing (8)]
  5916 | D:7      | HP: 4/68 [wight/+0 spear (1)]
  5921 | D:7      | Reached skill level 11 in Unarmed Combat
  5921 | D:7      | Reached XP level 9. HP: 8/77 MP: 2/9
  6043 | D:7      | 6043 ||| Stepping ~*~*~tactically~*~*~ (stealth).
  6069 | D:7      | Found Qehuripn's Antique Armour Boutique.
  6076 | D:7      | 6076 ||| BUYING runed cloak (187 gold).
  6076 | D:7      | Bought a runed cloak for 187 gold pieces
  6223 | D:7      | 6223 ||| Stepping ~*~*~tactically~*~*~ (stealth).
  6227 | D:7      | Reached skill level 3 in Throwing
  6244 | D:7      | Found a burning altar of Makhleb.
  6454 | D:7      | Found a runed translucent door.
  6455 | D:7      | Noticed qw's ghost (novice TeWr)
  6504 | D:7      | Found a bloodstained altar of Trog.
  6618 | D:7      | 6618 ||| Stepping ~*~*~tactically~*~*~ (outnumbered).
  6619 | D:7      | 6619 ||| Stepping ~*~*~tactically~*~*~ (outnumbered).
  7316 | D:7      | 7316 ||| UPGRADING to +0 cloak of stealth.
  7321 | D:7      | 7321 ||| UPGRADING to +6 ring of dexterity.
  7322 | D:7      | 7322 ||| READING scroll labelled HIMPOCVIYCE.
  7349 | D:8      | 7349 ||| STAIRDANCE
  7398 | D:8      | 7398 ||| STAIRDANCE
  7470 | D:8      | 7470 ||| Stepping ~*~*~tactically~*~*~ (stealth).
  7472 | D:8      | 7472 ||| Stepping ~*~*~tactically~*~*~ (stealth).
  7474 | D:8      | 7474 ||| Stepping ~*~*~tactically~*~*~ (stealth).
  7476 | D:8      | 7476 ||| Stepping ~*~*~tactically~*~*~ (stealth).
  7478 | D:8      | 7478 ||| Stepping ~*~*~tactically~*~*~ (stealth).
  7480 | D:8      | 7480 ||| Stepping ~*~*~tactically~*~*~ (stealth).
  7483 | D:8      | 7483 ||| Stepping ~*~*~tactically~*~*~ (stealth).
  7485 | D:8      | 7485 ||| Stepping ~*~*~tactically~*~*~ (stealth).
  7487 | D:8      | 7487 ||| Stepping ~*~*~tactically~*~*~ (stealth).
  7496 | D:8      | 7496 ||| FLEEEEING.
  7497 | D:8      | 7497 ||| FLEEEEING.
  7498 | D:8      | 7498 ||| FLEEEEING.
  7499 | D:8      | 7499 ||| FLEEEEING.
  7500 | D:8      | 7500 ||| FLEEEEING.
  7501 | D:8      | 7501 ||| FLEEEEING.
  7502 | D:8      | 7502 ||| FLEEEEING.
  7503 | D:8      | 7503 ||| FLEEEEING.
  7540 | D:8      | 7540 ||| Stepping ~*~*~tactically~*~*~ (stealth).
  7542 | D:8      | 7542 ||| Stepping ~*~*~tactically~*~*~ (stealth).
  7543 | D:8      | 7543 ||| Stepping ~*~*~tactically~*~*~ (stealth).
  7567 | D:8      | 7567 ||| Stepping ~*~*~tactically~*~*~ (stealth).
  7583 | D:8      | 7583 ||| Stepping ~*~*~tactically~*~*~ (stealth).
  7598 | D:8      | 7598 ||| INVOKING Fiery Armour.
  7598 | D:8      | HP: 14/83 [hornet (10)]
  7599 | D:8      | 7599 ||| READING 2 scrolls of teleportation.
  7599 | D:8      | HP: 4/82 [poisoned by a hornet]
  7599 | D:8      | Slain by a wight

Levels and vault maps discovered:
D:1:      spicycebolla_arrival_clurvy, layout_rooms,
          hellmonk_ecumenical_altar_arch_garden, minivault_24
D:2:      layout_rooms
D:3:      layout_basic
D:4:      layout_layer_cave, lemuel_tele_altar, minmay_temple_entry_ruins,
          minmay_stone_trees_small, lemuel_flame_loot_1, uniq_menkaure
D:5:      layout_basic, nicolae_ossuary_entry_ruins,
          nicolae_shop_overcharged_wands, uniq_ijyb, uniq_grinder
D:6:      layout_layer_cave, xom_butterflies, mainiacjoe_overflow_catwalk,
          grunt_gozag_breadcrumbs, cheibriados_altar_1, uniq_blork_the_orc
D:7:      layout_layer_cave, makhleb_heckhound_becter,
          mainiacjoe_overflow_surrounded_room, serial_shops,
          nicolae_shop_statue_plus, gammafunk_ghost_grave
D:8:      layout_basic, serial_undead, serial_undead_c, serial_undead_c,
          serial_undead_a, serial_undead_a, serial_undead_d, serial_undead_a,
          serial_undead_c, serial_undead_c, serial_undead_c, serial_undead_c,
          kennysheep_windowed_goal

Skill      XL: |  1  2  3  4  5  6  7  8  9 |
---------------+----------------------------+-----
Unarmed Combat | 4 5 6 8 9 11 | 11.7
Fighting       | 4 |  4.0
Throwing       | 2 4 |  4.0
Dodging        | 1 2 |  2.0
Spellcasting   | |  1.0
Fire Magic     | |  2.1

Action                   |  1- 3 |  4- 6 |  7- 9 || total
-------------------------+-------+-------+-------++-------
Melee: Unarmed           |   153 |    82 |   243 ||   478
       Punch             |       |     3 |     6 ||     9
Throw: Boomerang         |       |    17 |    24 ||    41
       Javelin           |       |       |    35 ||    35
       Large rock        |       |       |    12 ||    12
Invok: Fiery Armour      |     1 |     3 |     4 ||     8
  Use: Scroll            |     4 |     2 |     9 ||    15
       Potion            |     2 |     2 |     9 ||    13
Armor: Robe              |    57 |    28 |    53 ||   138
Dodge: Dodged            |    66 |    28 |    82 ||   176

Table legend:
 A = Non-vault XP
 B = Vault XP
 C = Vault XP percentage of total XP
 D = Non-vault monster count
 E = Vault monster count
 F = Vault count percentage of total count
                 A         B        C        D         E       F
            +---------+---------+-------+---------+---------+-------
      Total |    2550 |    1536 |  37.6 |     146 |      51 |  25.9
            +---------+---------+-------+---------+---------+-------
        D:1 |      38 |       0 |   0.0 |      25 |       0 |   0.0
        D:2 |      33 |       0 |   0.0 |      13 |       0 |   0.0
        D:3 |      80 |       0 |   0.0 |      17 |       0 |   0.0
        D:4 |     440 |     165 |  27.3 |      31 |       1 |   3.1
        D:5 |     271 |     312 |  53.5 |      12 |       2 |  14.3
        D:6 |     711 |     100 |  12.3 |      24 |       1 |   4.0
        D:7 |     873 |      43 |   4.7 |      19 |       1 |   5.0
        D:8 |     104 |     505 |  82.9 |       5 |       9 |  64.3
    Ossuary |       0 |     411 | 100.0 |       0 |      37 | 100.0
            +---------+---------+-------+---------+---------+-------
